AoeStats
← 散步黑鵝

MegaRandom

507714222Analyzed
4v4 RM · 13d ago on Sep 19, 2026· 7m 37s· 8 players
Game mode
Random Map
Map size
Large (8 player)
Population
200
Speed
Normal
Resources
Standard
Victory
Conquest
Starting age
Dark Age
Ending age
Imperial Age
RankedLock teamsTeams togetherTeam positionsShared explorationLock speedFull tech treeHidden civsTurbo modeCheats
Victory
Defeat
🇹🇼 Persians · Taiwan
2049
+7
🇭🇰 Koreans · Hong Kong SAR China
2038
+7
🇹🇼 Berbers · Taiwan
2026
+7
🇹🇼 Mongols · Taiwan
1923
+12
🇪🇸 Persians · Spain
1922
-11
🇰🇷 Japanese · South Korea
1896
-11
🇩🇪 Britons · Germany
1799
-7
🇦🇷 Vietnamese · Argentina
1629
-4
Moneimon
5:43 Loom
8:44 Feudal Age
G5
3:20 Loom
5:16 Loom
8:50 Feudal Age
CNZS_knightk
Jan Itor
1:14 Loom
ANKR.Navvy
6:40 Loom
8:44 Feudal Age
Nezzar
5:49 Loom
8:57 Feudal Age
Rayz
7:08 Loom
9:01 Feudal Age
散步黑鵝
1:06 Loom
Connection lost

Rejoining the realm…

Still unreachable

The connection could not be restored.

Session expired

The server has moved on; the page needs a fresh start.